 Dungeon Crawl Stone Soup version 0.19.1-1-g22dce08 (webtiles) character file.

185 sveltemanboy the Caller (level 5, 0/28 HPs)
             Began as a Tengu Summoner on Jan 7, 2017.
             Was an Initiate of Ashenzari.
             Slain by Alarkh's ghost (8 damage)
             ... on level 3 of the Dungeon.
             The game lasted 00:08:32 (3271 turns).

sveltemanboy the Caller (Tengu Summoner)            Turns: 3271, Time: 00:08:33

Health: 0/28       AC:  2    Str:  8    XL:     5   Next: 64%
Magic:  0/10       EV: 13    Int: 16    God:    Ashenzari [......]
Gold:   121        SH:  0    Dex: 15    Spells: 4 memorised, 0 levels left

rFire  + . .     SeeInvis .     l - +0 spear
rCold  . . .     Gourm    .     a - +0 robe
rNeg   . . .     Faith    .     (no shield)
rPois  .         Spirit   .     (helmet restricted)
rElec  .         Reflect  .     (no cloak)
rCorr  .         Harm     .     (no gloves)
MR     .....                    (boots unavailable)
Stlth  ++........               (no amulet)
                                (no ring)
                                p - ring of protection from fire

@: very slightly contaminated
A: beak, talons 3, able to fly 1
a: Fly, Curse Item, Renounce Religion


You were on level 3 of the Dungeon.
You worshipped Ashenzari.
Ashenzari was noncommittal.
You were hungry.

You visited 1 branch of the dungeon, and saw 3 of its levels.

You collected 121 gold pieces.

Inventory:

Hand Weapons
 l - a +0 spear (weapon)
Armour
 a - a +0 robe (worn)
Jewellery
 p - a ring of protection from fire (left hand)
Scrolls
 g - a scroll of enchant armour {unknown}
 j - a scroll of noise {unknown}
 k - 3 scrolls of teleportation {unknown}
 q - a scroll of fear {unknown}
 t - a scroll of remove curse
Potions
 e - a potion of might {unknown}
 f - 2 potions of haste {unknown}
 h - a potion of brilliance {unknown}
 m - a potion of heal wounds
 n - a potion of cancellation
 o - 3 potions of curing {unknown}
Comestibles
 c - a bread ration
 d - 6 chunks of flesh
 s - a meat ration


   Skills:
 + Level 2.5 Polearms
 - Level 2.1 Dodging
 - Level 2.0 Stealth
 - Level 3.0 Spellcasting
 * Level 6.7 Summonings


You couldn't memorise any spells.
You knew the following spells:

 Your Spells              Type           Power        Failure   Level  Hunger
a - Summon Small Mammal   Summ           ###.         1%          1    #......
b - Call Imp              Summ           ###.....     1%          2    ##.....
c - Call Canine Familiar  Summ           ###.....     3%          3    ###....
d - Summon Ice Beast      Ice/Summ       ##......     50%         4    #####..


Dungeon Overview and Level Annotations

Branches:
Dungeon (3/15)

Altars:
Ashenzari
Fedhas
Kikubaaqudgha
Zin

Annotations:
D:3 Alarkh's ghost, amateur DsMo


Innate Abilities, Weirdness & Mutations

You have a beak for a mouth.
You have claws for feet.
You can fly.


Message History

You hit Alarkh's ghost but do no damage.
Alarkh's ghost is heavily damaged.
The goblin hits your white imp but does no damage.
Your white imp barely misses Alarkh's ghost.
Alarkh's ghost closely misses you. The orc hits you with a mace!
The orc hits your white imp with a flail.
Your white imp dies!
Casting: Call Imp
Confirm with . or Enter, or press ? or * to list all spells.
You miscast Call Canine Familiar.
You are very lightly contaminated with residual magic.
Nothing appears to happen.
You are feeling hungry.
Your iron imp barely misses Alarkh's ghost.
Alarkh's ghost hits you!
* * * LOW HITPOINT WARNING * * *
The orc barely misses you. The goblin barely misses your iron imp.
Your iron imp closely misses Alarkh's ghost.
Alarkh's ghost hits you!
You die...

######..>.............
#.#..............
#.#####..........
########### #.#
#..##......
#.........#####.#
#..#####...
##.######....##.#####...
#... #.#
######...........## #...
#.####...##...####.#.##
... #...#.......o@.#.._
.. ###......5..W5...#
##........og.....#
#............####
##..............
##...#....#####
###.##.....# #.##...#..
#..#...####


You could see Alarkh's ghost, 2 orcs, a goblin, a friendly iron imp and a
friendly crimson imp.

Vanquished Creatures
  An adder (D:2)
  A worm (D:2)
  A leopard gecko (D:1)
  5 bats
  A hobgoblin (D:2)
  A jackal (D:1)
  3 kobolds (D:2)
  2 frilled lizards (D:2)
  3 goblins
  10 rats
28 creatures vanquished.

Vanquished Creatures (collateral kills)
  Sigmund (D:2)
  An iguana (D:3)
  A gnoll (D:1)
  An adder (D:2)
  An ooze (D:3)
  A worm (D:2)
  2 leopard geckos
  A ball python (D:3)
  2 bats
  2 giant cockroaches (D:3)
  4 hobgoblins
  2 jackals (D:1)
  A kobold (D:3)
  2 quokkas (D:2)
  A frilled lizard (D:1)
  2 rats
25 creatures vanquished.

Grand Total: 53 creatures vanquished

Notes
Turn   | Place    | Note
-------+----------+-------------------------------------------
     0 | D:1      | sveltemanboy the Tengu Summoner began the quest for the Orb.
     0 | D:1      | Reached XP level 1. HP: 10/10 MP: 4/4
   196 | D:1      | Reached skill level 5 in Summonings
   403 | D:1      | Reached XP level 2. HP: 6/15 MP: 1/6
   577 | D:1      | Learned a level 2 spell: Call Imp
   984 | D:1      | Reached XP level 3. HP: 19/19 MP: 7/7
  1101 | D:2      | Learned a level 3 spell: Call Canine Familiar
  1465 | D:2      | Reached skill level 1 in Polearms
  1468 | D:2      | Noticed Sigmund
  1676 | D:2      | Found an ancient bone altar of Kikubaaqudgha.
  1679 | D:2      | Found a blossoming altar of Fedhas.
  1682 | D:2      | Found a shattered altar of Ashenzari.
  1686 | D:2      | Became a worshipper of Ashenzari the Shackled
  2227 | D:2      | Reached XP level 4. HP: 15/24 MP: 3/8
  2739 | D:2      | Killed Sigmund
  2739 | D:2      | Reached skill level 6 in Summonings
  2739 | D:2      | Gained mutation: You can fly. [Tengu growth]
  2739 | D:2      | Reached XP level 5. HP: 11/28 MP: 0/10
  3196 | D:3      | Learned a level 4 spell: Summon Ice Beast
  3249 | D:3      | Noticed Alarkh's ghost (amateur DsMo)
  3259 | D:3      | Found a glowing silver altar of Zin.
  3271 | D:3      | Slain by Alarkh's ghost

Skill      XL: |  1  2  3  4 |
---------------+-------------+-----
Summonings     | 5 6 |  6.7
Polearms       | 1 2 |  2.5
Spellcasting   | 3 |  3.0
Dodging        | |  2.1
Stealth        | |  2.0

Action                   |  1- 3 |  4- 6 || total
-------------------------+-------+-------++-------
Melee: Unarmed           |    22 |       ||    22
       Kick              |    17 |     9 ||    26
       Peck              |     8 |     9 ||    17
       Spear             |    68 |    47 ||   115
 Cast: Summon Small Mamm |    17 |     5 ||    22
       Call Imp          |     5 |     9 ||    14
       Call Canine Famil |     4 |     5 ||     9
  Use: Scroll            |       |     4 ||     4
 Stab: Sleeping          |    11 |     1 ||    12
       Distracted        |     1 |       ||     1
  Eat: Chunk             |     5 |     4 ||     9
Armor: Robe              |     5 |     8 ||    13
Dodge: Dodged            |    42 |    40 ||    82
